 Dungeon Crawl Stone Soup version 0.25-a0-890-g62861fb195 (webtiles) character file.

Game seed: 1109240167188564786, levelgen mode: classic

292 Amnesiac the Chiller (level 6, -1/32 HPs)
             Began as a Deep Elf Ice Elementalist on May 3, 2020.
             Was a Follower of Vehumet.
             Slain by Crazy Yiuf
             ... wielding a +2 quarterstaff of chaos
              (9 damage)
             ... on level 2 of the Dungeon.
             The game lasted 00:05:46 (2202 turns).

Amnesiac the Chiller (Deep Elf Ice Elementalist)    Turns: 2202, Time: 00:05:47

Health: -1/32      AC:  2    Str:  5    XL:     6   Next: 10%
Magic:  10/16      EV: 13    Int: 22    God:    Vehumet [*.....]
Gold:   178        SH:  0    Dex: 15    Spells: 7/15 levels left

rFire    . . .     SeeInvis .   a - +1 hunting sling (vorpal)
rCold    + . .     Gourm    .   (no shield)
rNeg     . . .     Faith    .   k - +0 robe
rPois    .         Spirit   .   (no helmet)
rElec    .         Reflect  .   (no cloak)
rCorr    .         Harm     .   (no gloves)
MR       .....                  (no boots)
Stlth    ++........             (no amulet)
HPRegen  0.10/turn              j - ring of protection from cold (curse)
MPRegen  0.15/turn              i - ring of wizardry

@: lethally poisoned (-1 -> -5), frozen ramparts
A: no striking features
a: Renounce Religion


You were on level 2 of the Dungeon.
You worshipped Vehumet.
Vehumet was aware of your devotion.
You were not hungry.

You visited 1 branch of the dungeon, and saw 3 of its levels.

You collected 178 gold pieces.

Inventory:

Hand Weapons
 a - a +1 vorpal hunting sling (weapon)
 b - a +0 dagger of speed
Missiles
 n - 6 poisoned darts (quivered)
 p - 20 sling bullets
 r - 17 stones
Armour
 k - a +0 robe (worn)
 q - a +0 cloak
 s - a +0 helmet
Jewellery
 i - a ring of wizardry (right hand)
 j - a cursed ring of protection from cold (left hand)
Scrolls
 e - 3 scrolls of identify {!r, unknown}
 g - 2 scrolls of enchant weapon {!r, unknown}
 m - a scroll of teleportation {!r, unknown}
Potions
 d - a potion of mutation {!q, unknown}
 h - a potion of might {!q, unknown}
 l - a potion of heal wounds {!q, unknown}
 o - 2 potions of cancellation {!q, unknown}
Comestibles
 c - 3 rations


   Skills:
 - Level 2.4 Dodging
 - Level 2.4 Stealth
 + Level 5.4 Spellcasting
 + Level 0.3 Conjurations
 * Level 7.0 Ice Magic
 + Level 0.2 Air Magic


You had 7 spell levels left.
You knew the following spells:

 Your Spells              Type           Power        Failure   Level  Hunger
a - Shock                 Conj/Air       #...         3%          1    None
b - Frozen Ramparts       Ice            #####.       1%          3    ##.....
c - Freeze                Ice            ####         1%          1    None
z - Ozocubu's Armour      Chrm/Ice       ###.....     2%          3    ##.....

Your spell library contained the following spells:

 Spells                   Type           Power        Failure   Level  Hunger
 Hailstorm                Conj/Ice       ###.....     9%          4    ####...
 Summon Ice Beast         Ice/Summ       ###.....     9%          4    ####...


Dungeon Overview and Level Annotations

Branches:
Dungeon (3/15)

Altars:
Vehumet

Annotations:
D:2 Crazy Yiuf


Message History

Crazy Yiuf hits you with a +2 quarterstaff of chaos.
You are poisoned.
You see here a glowing mace.
You feel sick.
You see here a mace.
You feel sick.
Crazy Yiuf cries, "Castle!"
You feel sick.
You feel sick.
Crazy Yiuf waves his quarterstaff at you.
The frozen ramparts melt away.
You feel sick.
You feel sick.
You feel sick.
You feel sick.
Casting: Shock (safe; 3% risk of failure)
Confirm with . or Enter, or press ? or * to list all spells.
The walls around you are covered in ice.
You feel sick.
Crazy Yiuf resists.
The wall freezes Crazy Yiuf.
Crazy Yiuf hits you with a +2 quarterstaff of chaos.
* * * LOW HITPOINT WARNING * * *
Crazy Yiuf burns you.
* * * LOW HITPOINT WARNING * * *
You feel sick.
Crazy Yiuf completely resists.
The wall freezes Crazy Yiuf but do no damage.
You feel sick.
Crazy Yiuf resists.
The wall freezes Crazy Yiuf.
Crazy Yiuf resists.
The wall freezes Crazy Yiuf.
Okay, then.
Firing (i - inventory. (/) - cycle)
p - 20 sling bullets (quivered)
Press: ? - help, Shift-Dir - straight line, f/p - Crazy Yiuf
Aim: Crazy Yiuf, wielding a +2 quarterstaff of chaos, wearing a cursed +0 cloak and carrying a wand of random effects (20) (severely wounded, unusually resistant)
Okay, then.
You aren't carrying any items that you can evoke.
Unknown command.
Quiver which item? (- for none, * to show all) (? for menu, Esc to quit)
Quivering
n - 7 poisoned darts for throwing.
Throwing (i - inventory. (/) - cycle)
n - 7 poisoned darts (quivered)
Press: ? - help, Shift-Dir - straight line, f/p - Crazy Yiuf
Aim: Crazy Yiuf, wielding a +2 quarterstaff of chaos, wearing a cursed +0 cloak and carrying a wand of random effects (20) (severely wounded, unusually resistant)
You throw a poisoned dart.
The poisoned dart closely misses Crazy Yiuf.
You feel sick.
Crazy Yiuf resists.
The wall freezes Crazy Yiuf.
Casting: Frozen Ramparts (safe; 1% risk of failure)
Confirm with . or Enter, or press ? or * to list all spells.
Aiming: Shock (safe; 3% risk of failure)
Press: ? - help, Shift-Dir - straight line, f/p - Crazy Yiuf
Aim: Crazy Yiuf, wielding a +2 quarterstaff of chaos, wearing a cursed +0 cloak and carrying a wand of random effects (20) (almost dead, unusually resistant)
The zap hits Crazy Yiuf.
Crazy Yiuf resists.
Crazy Yiuf is almost dead.
Crazy Yiuf completely resists.
The wall freezes Crazy Yiuf but do no damage.
Crazy Yiuf yells, "Ten noodlescoop unthinkable!"
Crazy Yiuf barely misses you.
Casting: Shock (safe; 3% risk of failure)
Confirm with . or Enter, or press ? or * to list all spells.
Aiming: Shock (safe; 3% risk of failure)
Press: ? - help, Shift-Dir - straight line, f/p - Crazy Yiuf
Aim: Crazy Yiuf, wielding a +2 quarterstaff of chaos, wearing a cursed +0 cloak and carrying a wand of random effects (20) (almost dead, unusually resistant)
The zap hits Crazy Yiuf.
Crazy Yiuf resists.
Crazy Yiuf is almost dead.
Crazy Yiuf resists.
The wall freezes Crazy Yiuf.
Crazy Yiuf laughs, "Hack tortoise leg!"
Crazy Yiuf hits you with a +2 quarterstaff of chaos!
You die...

.# #..####.# ♣.♣♣ # .# #..# #.#
♣♣)♣ # #.#########..## #.# ♣♣)♣♣
# .........[....# #.# ♣♣...♣ #
.#########...# #.# ♣....♣ # .#
##....# #.# #....# # #.#
#.....###.# ####....# # ..#
##........####......## # .##
##.#...@g....(#...## # .#
#.##########...######## .# #.#
##.## #.... .# ##'## #.# #.### .#
##.(.## #.# #.# ### ##.....##
###.# #.### #.## ##.......##
##...## #.##.
...####)........####.....####.##.
......'.......).'................


You could see Crazy Yiuf.

Vanquished Creatures
  Sigmund (D:2)
  Jessica (D:2)
  A gnoll (D:1)
  4 adders (D:2)
  3 worms (D:2)
  3 dart slugs (D:1)
  A leopard gecko (D:1)
  5 giant cockroaches
  4 goblins
  7 hobgoblins
  3 jackals (D:2)
  A ball python (D:2)
  6 bats
  4 frilled lizards
  4 kobolds
  13 rats
61 creatures vanquished.

Notes
Turn   | Place    | Note
-------+----------+-------------------------------------------
     0 | D:1      | Amnesiac the Deep Elf Ice Elementalist began the quest for
                  | the Orb.
     0 | D:1      | Reached XP level 1. HP: 10/10 MP: 6/6
   106 | D:1      | Reached XP level 2. HP: 1/15 MP: 2/8
   358 | D:1      | Reached skill level 5 in Ice Magic
   576 | D:2      | Reached XP level 3. HP: 19/19 MP: 6/10
   582 | D:2      | Learned a level 3 spell: Frozen Ramparts
   586 | D:2      | Learned a level 3 spell: Ozocubu's Armour
   615 | D:2      | Noticed Jessica
   628 | D:2      | Killed Jessica
   708 | D:3      | Found a radiant altar of Vehumet.
   729 | D:3      | Became a worshipper of Vehumet
   845 | D:1      | Reached XP level 4. HP: 24/24 MP: 9/12
  1366 | D:2      | Noticed Sigmund
  1372 | D:2      | Killed Sigmund
  1372 | D:2      | Reached skill level 5 in Spellcasting
  1372 | D:2      | Reached skill level 6 in Ice Magic
  1372 | D:2      | Reached XP level 5. HP: 6/28 MP: 7/14
  1672 | D:2      | Reached * piety under Vehumet
  1672 | D:2      | Offered knowledge of Shock by Vehumet.
  1675 | D:2      | Learned a level 1 spell: Shock
  1689 | D:2      | Found a faded altar of an unknown god.
  1745 | D:2      | Reached skill level 7 in Ice Magic
  1767 | D:2      | Reached XP level 6. HP: 14/32 MP: 1/16
  2175 | D:2      | Found a runed translucent door.
  2176 | D:2      | Noticed Crazy Yiuf
  2202 | D:2      | Slain by Crazy Yiuf

Levels and vault maps discovered:
D:1:      scummos_arrival_checkerplants, layout_loops_ring,
          grunt_decor_mini_mirrors, minmay_misc_feat_x, minmay_misc_feat_roman,
          minmay_hexomino_p4
D:2:      layout_loops_corners, chequers_ecumenical_altar_island, uniq_sigmund,
          uniq_crazy_yiuf_cottage, uniq_jessica
D:3:      layout_basic, fiery_altar_vehumet, chequers_serial_rivers_micro_d,
          led_xom_imps

Skill      XL: |  1  2  3  4  5 |
---------------+----------------+-----
Ice Magic      | 5 6 7 |  7.0
Spellcasting   | 4 5 |  5.4
Dodging        | |  2.4
Stealth        | |  2.4
Conjurations   | |  0.3
Air Magic      | |  0.2

Action                   |  1- 3 |  4- 6 || total
-------------------------+-------+-------++-------
Melee: Unarmed           |     8 |       ||     8
 Fire: Hunting sling     |       |    21 ||    21
Throw: Dart              |       |     6 ||     6
 Cast: Freeze            |    34 |    23 ||    57
       Frozen Ramparts   |     2 |     3 ||     5
       Shock             |       |    46 ||    46
  Eat: Chunk             |       |     4 ||     4
Armor: Robe              |     6 |     6 ||    12
Dodge: Dodged            |    23 |    28 ||    51

Table legend:
 A = Non-vault XP
 B = Vault XP
 C = Vault XP percentage of total XP
 D = Non-vault monster count
 E = Vault monster count
 F = Vault count percentage of total count
                 A         B        C        D         E       F
            +---------+---------+-------+---------+---------+-------
      Total |     150 |     268 |  64.1 |      56 |       5 |   8.2
            +---------+---------+-------+---------+---------+-------
        D:1 |      45 |      19 |  29.7 |      26 |       3 |  10.3
        D:2 |     105 |     249 |  70.3 |      30 |       2 |   6.2
            +---------+---------+-------+---------+---------+-------
